 Dungeon Crawl Stone Soup version 0.30-b1-2-g02819fbbbe (webtiles) character file.

Game seed: 13085730120029402064

429328 ketsa the Warrior (level 23, -9/114 HPs)
             Began as a Vine Stalker Venom Mage on May 17, 2023.
             Was the Champion of Hepliaklqana.
             Mangled by a hell knight
             ... wielding a +3 heavy demon trident
              (11 damage)
             ... on level 3 of the Depths.
             The game lasted 06:40:00 (56900 turns).

ketsa the Warrior (Vine Stalker Venom Mage)        Turns: 56900, Time: 06:40:00

Health: -9/114     AC: 23    Str: 14    XL:     23   Next: 88%
Magic:  0/33       EV: 18    Int: 17    God:    Hepliaklqana [******]
Gold:   4265       SH: 13    Dex: 19    Spells: 7/35 levels left

rFire   + + +        Z - +9 scimitar (spect)
rCold   + + .        X - +2 buckler
rNeg    + + +        b - +0 swamp dragon scales
rPois   +            N - +2 helmet
rElec   +            A - +2 cloak
rCorr   +            g - +2 pair of gloves of the Doldrums {rN+ Regen+ Dex-4}
SInv    +            f - +1 pair of boots
Will    +++..        W - amulet of reflection
Stlth   ++++         M - ring of Hifryvirui {rF+ rN++ Will+ SInv}
HPRegen 1.99/turn    j - ring "Trusted Companion" {rF+ rC+ rCorr Str+2}
MPRegen 0.23/turn

%: reflection, guardian spirit
@: resistant, studying 2 skills, unable to read
A: reduced essence, fangs 3, regeneration 1, magic shield, antimagic bite, no
potion heal 2, inability to read after injury 1
}: 2/15 runes: serpentine, barnacled
a: Renounce Religion, Recall Ancestor, Ancestor Identity, Transference, Idealise


You were on level 3 of the Depths.
You worshipped Hepliaklqana.
Hepliaklqana was exalted by your worship.
You visited 10 branches of the dungeon, and saw 42 of its levels.
You also visited: Trove and Wizlab.

You collected 6474 gold pieces.
You spent 2209 gold pieces at shops.

Inventory:

Hand Weapons
 Z - a +9 spectral scimitar (weapon)
Missiles
 x - 4 throwing nets
Armour
 b - +0 swamp dragon scales (worn)
 f - a +1 pair of boots (worn)
 g - the +2 pair of gloves of the Doldrums (worn) {rN+ Regen+ Dex-4}
   (You acquired it on level 6 of the Dungeon)

   Dex:       It affects your dexterity (-4).
   rN:        It protects you from negative energy.
   Regen:     It increases your rate of health regeneration.
 m - a +3 troll leather armour
 A - a +2 cloak (worn)
 N - a +2 helmet (worn)
 X - a +2 buckler (worn)
Jewellery
 c - the ring "Juydebla" {rPois rN+ Will+ rCorr Dex-5}
   (You found it in a treasure trove)

   [ring of willpower]

   Dex:       It affects your dexterity (-5).
   rPois:     It protects you from poison.
   rN:        It protects you from negative energy.
   rCorr:     It protects you from acid and corrosion.
   Will:      It increases your willpower.
 h - the ring "Riezyenn" {rN+ rCorr MP+9 AC+4}
   (You took it off a balrug on level 2 of the Depths)

   [ring of protection]

   AC:        It affects your AC (+4).
   rN:        It protects you from negative energy.
   MP:        It affects your magic capacity (+9).
   rCorr:     It protects you from acid and corrosion.
 j - the ring "Trusted Companion" (right hand) {rF+ rC+ rCorr Str+2}
   (You found it in a treasure trove)

   [ring of protection from cold]

   Str:       It affects your strength (+2).
   rF:        It protects you from fire.
   rC:        It protects you from cold.
   rCorr:     It protects you from acid and corrosion.
 o - the amulet of Miracles {Acrobat Int+2}
   (You took it off a merfolk siren on level 4 of the Shoals)

   [amulet of the acrobat]

   It increases your evasion while moving and waiting.
   Int:       It affects your intelligence (+2).
 r - an amulet of regeneration
 y - the ring of the Sun {Drain rElec Str-2 Int+6 Dex+6}
   (You took it off an orc on level 11 of the Dungeon)

   [ring of intelligence]

   Str:       It affects your strength (-2).
   Int:       It affects your intelligence (+6).
   Dex:       It affects your dexterity (+6).
   rElec:     It insulates you from electricity.
   Drain:     It drains your maximum health when unequipped.
 B - the ring "Dycuseesisa" {Drain EV+5 Str+6 SInv}
   (You found it in a treasure trove)

   [ring of evasion]

   EV:        It affects your evasion (+5).
   Str:       It affects your strength (+6).
   SInv:      It lets you see invisible.
   Drain:     It drains your maximum health when unequipped.
 E - the ring "Qudoco" {Wiz rPois}
   (You found it in a treasure trove)

   [ring of wizardry]

   It improves your spell success rate.
   rPois:     It protects you from poison.
 F - the ring of Ucuis {rF- rC+ Int+4 Dex+3 Slay+4}
   (You found it in a treasure trove)

   [ring of slaying]

   Int:       It affects your intelligence (+4).
   Dex:       It affects your dexterity (+3).
   Slay:      It affects your accuracy & damage with ranged weapons and melee
   (+4).
   rF:        It makes you vulnerable to fire.
   rC:        It protects you from cold.
 M - the ring of Hifryvirui (left hand) {rF+ rN++ Will+ SInv}
   (You found it in a treasure trove)

   [ring of protection from fire]

   rF:        It protects you from fire.
   rN:        It greatly protects you from negative energy.
   SInv:      It lets you see invisible.
   Will:      It increases your willpower.
 R - a ring of flight
 V - a +5 ring of evasion
 W - an amulet of reflection (around neck)
 Y - the ring "Jusatoy" {rElec MP+9 SInv}
   (You found it in a treasure trove)

   [ring of magical power]

   rElec:     It insulates you from electricity.
   MP:        It affects your magic capacity (+9).
   SInv:      It lets you see invisible.
Wands
 d - a wand of light (33)
 n - a wand of polymorph (19)
 v - a wand of charming (24)
 D - a wand of roots (29)
 L - a wand of digging (30)
 Q - a wand of mindburst (49)
Scrolls
 a - 6 scrolls of blinking
 e - 16 scrolls of teleportation
 k - 8 scrolls of fog
 q - 10 scrolls of fear
 s - 3 scrolls of butterflies
 G - 5 scrolls of enchant armour
 O - a scroll of enchant weapon
Potions
 i - 24 potions of curing
 p - 7 potions of might
 t - 11 potions of lignification
 u - 9 potions of ambrosia
 w - 3 potions of flight
 z - 3 potions of magic
 C - 6 potions of brilliance
 J - a potion of cancellation
 K - 4 potions of haste
 T - 5 potions of invisibility
 U - a potion of mutation
Miscellaneous
 H - a phantom mirror
 I - a phial of floods
 P - a lightning rod (4/4)
 S - a tin of tremorstones (2/2)


   Skills:
 + Level 15.4 Fighting
 - Level 14.0 Long Blades
 - Level 9.4 Throwing
 + Level 11.6 Armour
 + Level 13.5 Dodging
 - Level 10.0 Stealth
 - Level 5.0 Shields
 - Level 6.5 Spellcasting
 - Level 10.8 Conjurations
 - Level 11.4 Summonings
 - Level 11.5 Translocations
 - Level 10.0 Transmutations
 - Level 8.3 Air Magic
 - Level 13.2 Earth Magic
 - Level 6.4 Poison Magic
 - Level 9.0 Invocations
 - Level 7.7 Evocations


You had 7 spell levels left.
You knew the following spells:

 Your Spells              Type           Power      Damage    Failure   Level
a - Sting                 Tmut/Pois      100%       1d8       1%          1
b - Poisonous Vapours     Pois/Air       60%        N/A       1%          2
c - Passwall              Tmut/Erth      37%        N/A       1%          2
d - Blink                 Tloc           88%        N/A       1%          2
e - Wereblood             Tmut           39%        N/A       1%          2
f - Mephitic Cloud        Conj/Pois/Air  34%        N/A       2%          3
g - Lee's Rapid Deconstr  Erth           25%        3d14*     3%          5
h - Vhi's Electric Charg  Tloc/Air       78%        N/A       1%          3
i - Manifold Assault      Tloc           44%        N/A       2%          4
j - Passage of Golubria   Tloc           44%        N/A       2%          4

Your spell library contained the following spells:

 Spells                   Type           Power      Damage    Failure   Level
 Sandblast                Erth           100%       2d20      1%          1
 Lesser Beckoning         Tloc           88%        N/A       1%          2
 Momentum Strike          Conj/Tloc      86%        3d10      1%          2
 Static Discharge         Conj/Air       76%        2-6/arc   1%          2
 Gell's Gravitas          Tloc           44%        N/A       1%          3
 Stone Arrow              Conj/Erth      92%        3d12      1%          3
 Teleport Other           Tloc           44%        N/A       1%          3
 Animate Armour           Summ/Erth      94%        N/A       1%          4
 Spider Form              Tmut/Pois      33%        N/A       2%          3
 Iskenderun's Mystic Bla  Conj/Tloc      43%        2d10      2%          4
 Petrify                  Tmut/Erth      45%        N/A       2%          4
 Kiss of Death            Conj/Necr      96%        2d12      3%          1
 Summon Lightning Spire   Summ/Air       39%        N/A       4%          4
 Summon Forest            Summ/Tloc      22%        N/A       7%          5
 Portal Projectile        Hex/Tloc       50%        N/A       8%          3
 Summon Guardian Golem    Hex/Summ       24%        N/A       8%          3
 Volatile Blastmotes      Fire/Tloc      50%        2d14      8%          3
 Dazzling Flash           Conj/Hex       48%        N/A       9%          3
 Hailstorm                Conj/Ice       24%        3d7       9%          3
 Ignite Poison            Fire/Tmut/Pois 24%        N/A       9%          3
 Airstrike                Air            17%        2d(3-19)  9%          4
 Iskenderun's Battlesphe  Conj           42%        2d9       9%          5
 Blade Hands              Tmut           19%        N/A       13%         5
 Arcjolt                  Conj/Air       19%        1d29      14%         5
 Olgreb's Toxic Radiance  Pois           27%        N/A       19%         4
 Summon Ice Beast         Ice/Summ       24%        N/A       26%         4
 Flame Wave               Conj/Fire      24%        2d8       30%         4
 Fulminant Prism          Conj/Hex       12%        3d8       30%         4
 Sticky Flame             Conj/Fire      24%        2d5       30%         4
 Iron Shot                Conj/Erth      23%        9d5       30%         6
 Ice Form                 Ice/Tmut       22%        N/A       34%         4
 Statue Form              Tmut/Erth      30%        N/A       34%         6
 Dispersal                Tloc           22%        N/A       36%         6
 Summon Cactus Giant      Summ           22%        N/A       36%         6
 Ensorcelled Hibernation  Hex/Ice        10%        N/A       38%         2
 Scorch                   Fire           10%        2d5       38%         2
 Sublimation of Blood     Necr           5%         N/A       38%         2
 Freezing Cloud           Conj/Ice/Air   13%        6-21      50%         5
 Summon Mana Viper        Hex/Summ       24%        N/A       58%         5
 Confusing Touch          Hex            5%         N/A       63%         3
 Frozen Ramparts          Ice            10%        1d2       63%         3
 Inner Flame              Hex/Fire       5%         N/A       63%         3
 Tukima's Dance           Hex            5%         N/A       63%         3
 Fireball                 Conj/Fire      12%        3d7       63%         5
 Silence                  Hex/Air        9%         N/A       80%         5
 Eringya's Noxious Bog    Tmut/Pois      16%        N/A       82%         6
 Monstrous Menagerie      Summ           22%        N/A       91%         7
 Summon Hydra             Summ           22%        N/A       91%         7
 Spellforged Servitor     Conj/Summ      21%        N/A       94%         7
 Anguish                  Hex/Necr       2%         N/A       95%         4
 Animate Dead             Necr           5%         N/A       95%         4
 Dispel Undead            Necr           5%         3d7       95%         4
 Starburst                Conj/Fire      12%        6d5       99%         6
 Storm Form               Tmut/Air       18%        N/A       99%         7
 Agony                    Necr           5%         N/A       100%        5
 Metabolic Englaciation   Hex/Ice        2%         N/A       100%        5
 Simulacrum               Ice/Necr       2%         N/A       100%        6
 Haunt                    Necr/Summ      12%        N/A       100%        7
 Ozocubu's Refrigeration  Ice            2%         4d8       100%        7
 Ignition                 Fire           2%         3d3       100%        8
 Lehudib's Crystal Spear  Conj/Erth      23%        10d6      100%        8
 Maxwell's Capacitive Co  Air            17%        ∞         100%        8
 Necromutation            Tmut/Necr      11%        N/A       100%        8
 Summon Horrible Things   Summ           22%        N/A       100%        8
 Polar Vortex             Ice            2%         N/A       100%        9


Dungeon Overview and Level Annotations

Branches:
Dungeon (15/15) Zot: 19011  Temple (1/1) D:5 Zot: 5751    Lair (5/5) D:10 Zot: 24263
 Shoals (4/4) Lair:3 Zot: 19429   Snake (4/4) Lair:2 Zot: 19579   Slime (1/5) Lair:5 Zot: 5991
    Orc (2/2) D:12 Zot: 9611     Elf (3/3) Orc:2 Zot: 12165  Vaults (4/5) D:14 Zot: 17513
  Crypt (0/3) Vaults:3     Depths (3/4) D:15 Zot: 14464  WizLab (visited)

Altars:
Ashenzari
Cheibriados
Dithmenos
Elyvilon
Fedhas
Gozag
Hepliaklqana
Kikubaaqudgha
Makhleb
Nemelex Xobeh
Okawaru
Qazlal
Ru
Sif Muna
Trog
Uskayaw
Vehumet
Wu Jian
Xom
Yredelemnul
Zin
The Shining One
Jiyva

Shops:
D:1 (   D:5 (::!   D:6 ?   D:9 (   D:10 !   Orc:1 ?   Orc:2 [:=*   Elf:3 !
Shoals:1 *   Shoals:3 [:[*   Snake:1 (*:(   Snake:3 :*!   Vaults:2 [
Vaults:3 (=*(*   Vaults:4 (   Depths:2 !!(

Portals:
Hell: Depths:1 Depths:2 Depths:3
Abyss: Depths:1 Depths:3
Pandemonium: Depths:2

Annotations:
Shoals:1 exclusion: 2 downstairs
Elf:2 3 runed translucent doors
Vaults:4 exclusion: downstairs
Depths:1 exclusion: downstairs


Innate Abilities, Weirdness & Mutations

Your life essence is reduced to manifest your ancestor. (-10% HP)
You have razor-sharp teeth.
Your natural rate of healing is unusually fast.
When hurt, damage is shared between your health and your magic reserves.
Your bite disrupts and absorbs the magic of your enemies.
Potions cannot restore your health.
You occasionally lose the ability to read scrolls when taking damage.


Message History

The hell knight hits you from afar with a +3 heavy demon trident!!
You feel threatened and lose the ability to read scrolls!
The hell knight hits you with a +2 scimitar!
* * * LOW HITPOINT WARNING * * *
The necromancer casts a spell.
The necromancer binds the souls of nearby monsters.
The hell knight utters an invocation to its god.
The hell knight seems to speed up.
You barely miss the necromancer. Your bite misses the necromancer.
Your +9 spectral scimitar hits the necromancer!
The hell knight hits you but does no damage.
The hell knight hits you from afar with a +3 demon trident!
* * * LOW HITPOINT WARNING * * *
You cannot read scrolls in your current state!
You feel protected.
Your +9 spectral scimitar disappears.
The hell knight closely misses you.
The hell knight mumbles some strange prayers to its god against you.
The bolt of fire hits you. You resist.
* * * LOW HITPOINT WARNING * * *
The necromancer hits you with a +0 dagger.
* * * LOW HITPOINT WARNING * * *
The hell knight barely misses you.
You slice the necromancer!! You bite the necromancer!
You kill the necromancer!
The hell knight closely misses you. You block the hell knight's attack.
The hell knight hits you from afar with a +3 heavy demon trident!
* * * LOW HITPOINT WARNING * * *
The necromancer hits you but does no damage.
The hell knight mumbles some strange prayers to its god against you.
The bolt of fire hits you. You resist.
* * * LOW HITPOINT WARNING * * *
You feel protected. You block the hell knight's attack.
The hell knight hits you with a +2 scimitar.
* * * LOW HITPOINT WARNING * * *
The necromancer hits you but does no damage.
You block the hell knight's attack.
The hell knight hits you from afar with a +3 heavy demon trident!
You die...

#.### ...# #..#
#.Q####..# ..# ...#
#.TT.[T..###..# ...#
#.#####.......# ....#
##.####.# ....
#####'####.# ...
#.∩p)....#.# #'#
#..p@....#.###.#
#.p))....'.....#
..#[p......#.##..#
#...........#####.####
#...#####'####.†.....#
###. ##......#......†#
#.....#.####......†###
#.###.#.#......_......
#.#.#.##.......#..


You could see 3 hell knights and a necromancer (soul bound).

Vanquished Creatures
  Boris (Depths:3)
  Vashnia (Snake:2)
  A golden dragon (Depths:2)
  Cloud Mage (WizLab)
  3 liches
  A titan (Depths:2)
  A deep elf blademaster (Elf:3)
  2 deep elf master archers (Elf:3)
  The ghost of rrossfarrar the Sabretooth, an adept FeBe of Trog (Elf:2)
  4 sphinxes
  Frances (D:14)
  2 tengu reavers
  A storm dragon (Depths:2)
  2 nagarajas (Snake:4)
  5 fire giants
  5 frost giants (Depths:2)
  11 vault wardens
  Aizul (Snake:2)
  2 deep elf sorcerers (Elf:3)
  4 deep elf elementalists (Elf:3)
  3 ironbound thunderhulks (Vaults:4)
  6 ironbound preservers
  8 stone giants
  17 very ugly things
  An orc warlord (Vaults:2)
  6 deep elf demonologists
  3 vampire knights
  A dire elephant (Vaults:2)
  5 deep elf annihilators (Elf:3)
  A spark wasp (WizLab)
  4 ettins
  6 deep elf death magi
  7 merfolk impalers
  2 blizzard demons (WizLab)
  A crystal guardian (Vaults:1)
  2 merfolk javelineers
  A fire dragon (Depths:2)
  4 deep elf high priests
  6 yaktaur captains
  10 vault guards
  An entropy weaver (Vaults:1)
  2 rakshasas (Depths:1)
  Fannar (Lair:1)
  2 great orbs of eyes
  2 hydras (Lair:5)
  3 peacekeepers
  5 spriggan air magi
  2 ogre magi
  A salamander tyrant (Snake:4)
  A two-headed ogre (Orc:2)
  5 ice dragons
  19 centaur warriors
  An alligator snapping turtle (Shoals:4)
  9 ironbound frosthearts
  3 ghost crabs (WizLab)
  3 anacondas
  6 boulder beetles
  2 merfolk aquamancers (Shoals:4)
  3 deep troll shamans
  2 deep troll earth magi
  A vampire mage (Depths:2)
  2 death yaks (Shoals:4)
  5 naga warriors
  3 tengu warriors
  A satyr (Shoals:3)
  Urug (D:10)
  A spriggan berserker (Depths:3)
  9 naga sharpshooters
  9 deep elf knights
  5 orc high priests
  7 shock serpents
  25 dancing weapons
  Nergalle (Lair:2)
  6 skeletal warriors
  4 sun demons (Depths:2)
  2 iron trolls
  5 hell knights
  3 skysharks
  A death drake (WizLab)
  6 sea snakes
  4 salamander mystics
  An orb spider (shapeshifter) (Depths:2)
  2 flayed ghosts
  2 goliath frogs (Lair:5)
  A phantasmal warrior (Depths:1)
  A deep troll (shapeshifter) (Vaults:1)
  3 glowing orange brains
  24 slime creatures
  4 naga ritualists
  13 ironbound convokers
  4 wizards
  18 deep trolls
  10 deep elf archers
  11 harpies
  8 orc knights
  22 deep elf pyromancers
  A lindwurm (Lair:5)
  4 mana vipers
  31 ugly things
  A wolf spider (D:14)
  6 necromancers
  3 fauns
  21 deep elf zephyrmancers
  5 cyclopes
  8 manticores
  20 black mambas
  8 salamanders
  7 elephants
  6 merfolk sirens
  2 apocalypse crabs (WizLab)
  2 guardian serpents
  6 naga magi
  15 cane toads
  11 vault sentinels
  4 water nymphs
  A gargoyle (D:12)
  Maggie (Lair:1)
  2 kobold demonologists
  2 komodo dragons (Lair:5)
  A freezing wraith (Vaults:1)
  20 yaktaurs
  3 ice devils (Depths:2)
  A red devil (Depths:2)
  A tengu conjurer (Depths:2)
  A polar bear (Lair:4)
  A meliai (shapeshifter) (Depths:3)
  14 trolls
  7 wind drakes
  A tengu simulacrum (Vaults:2)
  20 merfolk
  2 meliai (D:15)
  A tyrant leech (Lair:5)
  3 hornets
  12 blink frogs
  3 dream sheep
  7 snapping turtles
  2 centaur simulacra
  A slime creature (shapeshifter) (Depths:2)
  2 wyverns
  A wraith (D:13)
  13 air elementals
  A ynoxinul (Depths:2)
  2 shadows
  7 spriggans (D:10)
  14 water elementals
  2 fire elementals
  Grum (D:8)
  46 yaks
  A human (shapeshifter) (Depths:1)
  A vampire (D:13)
  16 humans (D:14)
  A hog (Shoals:3)
  A redback (Vaults:1)
  A swamp worm (shapeshifter) (D:15)
  3 steam dragons
  11 vampire mosquitoes
  25 nagas
  2 wargs
  An acid dragon (D:10)
  Duvessa (D:4)
  16 water moccasins
  34 orc warriors
  An ice beast (D:8)
  2 sky beasts (D:9)
  A black bear (Lair:4)
  6 ogres
  7 boggarts
  12 wolves
  6 centaurs
  A phantom (D:3)
  3 kobold brigands
  3 scorpions
  11 bullfrogs
  A gnoll sergeant (D:10)
  4 earth elementals
  A human skeleton (Vaults:2)
  9 wights
  17 killer bees
  5 howler monkeys
  3 electric eels
  3 crimson imps (Depths:2)
  3 hounds
  2 jellies
  23 orc priests
  Jessica (D:2)
  4 gnoll boudas
  3 iguanas
  A sleepcap (D:5)
  7 hell rats (Lair:1)
  22 orc wizards
  16 gnolls
  9 adders
  2 white imps
  An ufetubus (D:4)
  4 worms
  2 dart slugs (D:2)
  70 orcs
  5 ball pythons
  7 endoplasms
  5 giant cockroaches
  4 goblins
  3 hobgoblins
  5 jackals
  4 quokkas
  4 bats
  5 frilled lizards
  13 kobolds
  4 rats
  A fungus (Elf:3)
  4 plants
  A spectral weapon (Vaults:1)
1244 creatures vanquished.

Vanquished Creatures (collateral kills)
  A juggernaut (Depths:2)
  Boris (Vaults:3)
  A caustic shrike (Depths:1)
  A golden dragon (Depths:2)
  The ghost of DavidChitty2 the Messiah, an adept HOFi of Beogh (Vaults:1)
  A lich (Depths:2)
  An acid blob (Slime:1)
  Polyphemus (Shoals:4)
  2 tengu reavers
  Kirke (Shoals:3)
  A storm dragon (Shoals:4)
  Ilsuiw (Shoals:2)
  A nagaraja (Snake:4)
  2 frost giants
  3 vault wardens
  A fire giant (Depths:1)
  2 deep elf sorcerers (Elf:3)
  A balrug (Depths:2)
  Louise (Elf:3)
  A deep elf elementalist (Elf:3)
  4 ironbound preservers
  A war gargoyle (Vaults:2)
  3 ironbound thunderhulks
  A stone giant (Vaults:2)
  6 very ugly things
  2 deep elf demonologists (Elf:3)
  2 deep elf annihilators (Elf:3)
  A lorocyproca (Depths:2)
  A spark wasp (Depths:2)
  A crystal guardian (Vaults:2)
  2 blizzard demons
  An ettin (Depths:3)
  6 merfolk impalers
  4 yaktaur captains
  5 deep elf death magi (Elf:3)
  4 deep elf high priests (Elf:3)
  A merfolk javelineer (Shoals:4)
  A great orb of eyes (Vaults:4)
  6 vault guards
  3 salamander tyrants (Snake:4)
  An entropy weaver (shapeshifter) (Elf:2)
  A spriggan air mage (WizLab)
  3 ironbound frosthearts
  A merfolk avatar (Shoals:1)
  3 ice dragons (Depths:2)
  A rakshasa (Depths:2)
  An alligator snapping turtle (Shoals:4)
  An anaconda (shapeshifter) (Elf:1)
  A catoblepas (Shoals:4)
  3 hydras
  A merfolk aquamancer (Shoals:4)
  2 boulder beetles
  8 dancing weapons
  5 centaur warriors
  A deep troll shaman (Depths:3)
  8 naga warriors
  3 orc high priests
  A hell knight (Depths:1)
  3 shock serpents
  A spriggan berserker (Depths:2)
  4 naga sharpshooters
  A sun demon (Depths:2)
  2 deep elf knights
  An iron troll (Depths:2)
  2 skeletal warriors
  A death drake (WizLab)
  2 salamander mystics (Snake:4)
  2 shadow demons (Elf:3)
  15 deep trolls
  3 naga ritualists
  8 sea snakes
  3 deep elf archers
  3 wizards
  3 orc knights
  10 harpies
  2 necromancers (Depths:1)
  3 lindwurms (Vaults:1)
  A phantasmal warrior (Depths:1)
  3 ironbound convokers
  A mana viper (Snake:4)
  8 deep elf pyromancers
  10 ugly things
  8 deep elf zephyrmancers
  An orc sorcerer (D:15)
  3 salamanders
  5 fauns
  10 manticores
  A shining eye (Slime:1)
  3 cyclopes
  5 merfolk sirens
  5 naga magi
  4 vault sentinels
  3 elephants
  11 black mambas
  A guardian serpent (Snake:2)
  A smoke demon (Depths:2)
  10 cane toads
  6 water nymphs
  An unseen horror (D:11)
  An ice devil (Depths:2)
  7 yaktaurs
  2 freezing wraiths
  A kobold demonologist (Elf:3)
  A rime drake (Lair:5)
  4 komodo dragons
  A human skeleton (Vaults:2)
  A tengu conjurer (Depths:2)
  14 merfolk
  A meliai (D:15)
  11 wind drakes
  A tyrant leech (Lair:5)
  3 blink frogs
  2 dream sheep
  2 snapping turtles
  A jumping spider (shapeshifter) (D:10)
  6 air elementals
  11 slime creatures
  A wraith (D:8)
  A spriggan (D:10)
  A wyvern (Lair:5)
  A fire elemental (Elf:2)
  17 water elementals
  15 yaks
  4 humans (D:14)
  3 basilisks
  2 hogs (Shoals:3)
  A human simulacrum (Vaults:2)
  A redback (Vaults:1)
  3 vampire mosquitoes
  21 nagas
  4 wargs
  4 water moccasins
  7 orc warriors (Orc:2)
  A sky beast (D:9)
  4 wolves
  2 centaurs (D:13)
  2 ogres (Orc:2)
  4 boggarts
  6 bullfrogs
  An earth elemental (Elf:3)
  5 wights
  Dowan (D:4)
  3 killer bees
  An electric eel (Snake:2)
  A crimson imp (Depths:2)
  A hound (D:7)
  11 orc priests
  A gnoll (D:10)
  25 orcs
  3 plants
523 creatures vanquished.

Vanquished Creatures (others)
  A mummy priest (Elf:3)
  A sea snake (Snake:2)
  A deep elf archer (Elf:1)
  A wizard (Vaults:2)
  A deep elf zephyrmancer (Elf:1)
  An air elemental (WizLab)
  A water elemental (Shoals:4)
  A naga (Snake:3)
  41 battlemagi
  19 ancestors
  An orc (D:12)
  25 fungi
  120 plants
  43 spectral weapons
257 creatures vanquished.

Grand Total: 2024 creatures vanquished

Notes
Turn   | Place    | Note
-------+----------+-------------------------------------------
     0 | D:1      | ketsa the Vine Stalker Venom Mage began the quest for the
                  | Orb.
     0 | D:1      | Reached XP level 1. HP: 9/9 MP: 4/4
    71 | D:1      | Found Wiydez's Weapon Emporium.
   210 | D:1      | Reached XP level 2. HP: 13/13 MP: 0/6
   484 | D:1      | Reached skill level 1 in Long Blades
   819 | D:1      | Reached XP level 3. HP: 15/16 MP: 2/7
  1508 | D:2      | Reached skill level 1 in Fighting
  1534 | D:2      | Gained mutation: Your natural rate of healing is unusually
                  | fast. [Vine Stalker growth]
  1534 | D:2      | Reached XP level 4. HP: 18/22 MP: 1/8
  1749 | D:2      | Noticed Jessica
  1762 | D:2      | Killed Jessica
  2118 | D:3      | Reached skill level 2 in Fighting
  2296 | D:3      | Identified the +0 leather armour "Urar" {rPois rN+}
  2452 | D:3      | Found a faded altar of an unknown god.
  2658 | D:4      | Noticed a phantom
  2691 | D:3      | Reached XP level 5. HP: 26/26 MP: 6/9
  2882 | D:3      | Learned a level 2 spell: Poisonous Vapours
  3001 | D:3      | Killed a phantom
  3002 | D:3      | Reached skill level 3 in Fighting
  3002 | D:3      | Reached XP level 6. HP: 31/32 MP: 8/10
  3419 | D:5      | Entered Level 5 of the Dungeon
  3630 | D:4      | Reached XP level 7. HP: 36/36 MP: 11/11
  3706 | D:4      | Found a white marble altar of Elyvilon.
  3798 | D:4      | Noticed Dowan
  3960 | D:4      | Reached skill level 1 in Translocations
  4411 | D:5      | Found Qecov's Book Boutique.
  4571 | D:5      | Found Denuvvu's Book Shop.
  4757 | D:5      | Found Susufe Odok's Distillery.
  4793 | D:5      | Found a staircase to the Ecumenical Temple.
  4814 | Temple   | Entered the Ecumenical Temple
  5027 | Temple   | Became a worshipper of Hepliaklqana the Forgotten
  5161 | D:5      | Reached skill level 1 in Air Magic
  5423 | D:5      | Found Qemabih's Weapon Emporium.
  5882 | D:5      | Reached skill level 4 in Fighting
  6257 | D:5      | Gained mutation: You have razor-sharp teeth. [Vine Stalker
                  | growth]
  6257 | D:5      | Reached XP level 8. HP: 42/42 MP: 8/12
  6348 | D:5      | Reached skill level 5 in Long Blades
  6964 | D:6      | Reached skill level 5 in Fighting
  7145 | D:6      | Found an ancient bone altar of Kikubaaqudgha.
  7319 | D:6      | Found Uphyxaf's Magic Scroll Boutique.
  7353 | D:6      | Bought a scroll of identify for 24 gold pieces
  7434 | D:7      | Noticed a wyvern
  7448 | D:7      | Killed a wyvern
  7449 | D:7      | Reached skill level 5 in Stealth
  7523 | D:7      | Reached * piety under Hepliaklqana
  7600 | D:7      | Reached XP level 9. HP: 38/41 MP: 2/13
  7936 | D:7      | Reached skill level 6 in Fighting
  8114 | D:7      | Found a radiant altar of Vehumet.
  8851 | D:7      | Reached skill level 7 in Fighting
  9025 | D:8      | Found an ornate altar of the Wu Jian Council.
  9247 | D:8      | Reached XP level 10. HP: 50/50 MP: 14/14
  9380 | D:8      | Found a shimmering altar of Xom.
  9561 | D:4      | Noticed Duvessa
  9576 | D:4      | Killed Duvessa
  9584 | D:4      | Killed Dowan
 10007 | D:8      | Noticed Grum
 10021 | D:8      | Reached skill level 8 in Fighting
 10025 | D:8      | Killed Grum
 10536 | D:9      | Reached ** piety under Hepliaklqana
 10660 | D:9      | Found Omiur's Weapon Shop.
 10877 | D:9      | Noticed a kobold demonologist
 10884 | D:9      | Noticed a sun demon
 10901 | D:9      | Killed a kobold demonologist
 11059 | D:9      | Reached skill level 1 in Armour
 11419 | D:9      | Found a sparkling altar of Nemelex Xobeh.
 12047 | D:10     | Entered Level 10 of the Dungeon
 12082 | D:10     | Found a staircase to the Lair.
 12180 | D:10     | Reached XP level 11. HP: 46/54 MP: 15/15
 12285 | D:10     | Noticed an entropy weaver
 12288 | D:10     | Reached skill level 10 in Long Blades
 12291 | D:10     | an entropy weaver changed into a queen bee
 12881 | D:11     | Noticed a manticore
 12893 | D:11     | Killed a manticore
 13084 | D:11     | Identified the ring of the Sun {Drain rElec Str-2 Int+6
                  | Dex+6}
 13184 | D:11     | Reached *** piety under Hepliaklqana
 13209 | D:11     | Noticed a boulder beetle
 13236 | D:11     | Killed a boulder beetle
 13323 | D:11     | Reached skill level 5 in Dodging
 13454 | D:11     | Got Sif Muna's Compendium of the Anticline
 13494 | D:11     | Reached skill level 5 in Armour
 14009 | D:12     | Reached XP level 12. HP: 31/58 MP: 7/16
 14225 | D:12     | Learned a level 2 spell: Passwall
 14228 | D:12     | Learned a level 2 spell: Blink
 14302 | D:12     | You fall into a shaft and drop 3 floors!
 14302 | D:15     | Entered Level 15 of the Dungeon
 14368 | D:14     | Noticed a boulder beetle
 14393 | D:14     | Killed a boulder beetle
 14394 | D:14     | Reached skill level 1 in Earth Magic
 14583 | D:12     | Noticed a boulder beetle
 14595 | D:11     | Killed a boulder beetle
 15215 | D:12     | Found a staircase to the Orcish Mines.
 15306 | Orc:1    | Entered Level 1 of the Orcish Mines
 15306 | Orc:1    | Found a transporter.
 15306 | Orc:1    | Found Fucum's Magic Scroll Shop.
 15319 | Orc:1    | Found a transporter.
 15328 | Orc:1    | Reached **** piety under Hepliaklqana
 15523 | Orc:1    | Reached skill level 5 in Transmutations
 15709 | Orc:1    | Bought a scroll of identify for 24 gold pieces
 15711 | Orc:1    | Bought a scroll of identify for 24 gold pieces
 15711 | Orc:1    | Bought a scroll of identify for 24 gold pieces
 15738 | Orc:2    | Entered Level 2 of the Orcish Mines
 15738 | Orc:2    | Noticed a two-headed ogre
 15741 | Orc:2    | Killed a two-headed ogre
 15941 | Lair:1   | Entered Level 1 of the Lair of Beasts
 16268 | Lair:1   | Reached skill level 5 in Translocations
 16349 | Lair:1   | Noticed Fannar
 16393 | Lair:1   | Killed Fannar
 16394 | Lair:1   | Reached skill level 5 in Earth Magic
 16399 | Lair:1   | Reached XP level 13. HP: 43/62 MP: 12/17
 16404 | Lair:1   | Remembered your ancestor Ealamassi as a battlemage
 16549 | Lair:1   | Reached skill level 1 in Invocations
 16576 | Lair:1   | Noticed Maggie
 16590 | Lair:1   | Killed Maggie
 16948 | Lair:2   | Noticed Nergalle
 16959 | Lair:2   | Killed Nergalle
 17225 | Lair:2   | Reached ***** piety under Hepliaklqana
 17325 | Lair:2   | Reached skill level 5 in Invocations
 17529 | Lair:2   | Reached skill level 1 in Evocations
 17548 | Lair:2   | Found a staircase to the Snake Pit.
 18076 | Shoals:1 | Entered Level 1 of the Shoals
 18792 | D:10     | Noticed Urug
 18806 | D:10     | Killed Urug
 18807 | D:10     | Reached XP level 14. HP: 42/66 MP: 10/18
 18865 | D:10     | Found Kinut's Distillery.
 18886 | D:10     | Reached skill level 1 in Shields
 19079 | D:6      | Bought a scroll of acquirement for 624 gold pieces
 19079 | D:6      | Acquired 836 gold pieces
 19081 | D:6      | Acquired the +2 pair of gloves of the Doldrums {rN+ Regen+
                  | Dex-4}
 19805 | Orc:2    | Reached skill level 5 in Evocations
 20236 | Orc:2    | Found a staircase to the Elven Halls.
 20245 | Elf:1    | Entered Level 1 of the Elven Halls
 20937 | Orc:2    | Found Zinoexun's General Store.
 20937 | Orc:2    | Found Ryedokat's Antique Armour Shoppe.
 20944 | Orc:2    | Found Meti's Jewellery Emporium.
 20944 | Orc:2    | Found Hiyxtafa's Book Shoppe.
 20956 | Orc:2    | Bought a shiny helmet for 270 gold pieces
 20978 | Orc:2    | Bought a scroll of identify for 36 gold pieces
 21640 | Lair:3   | Reached skill level 5 in Shields
 22801 | Lair:5   | Entered Level 5 of the Lair of Beasts
 22898 | Lair:5   | Found a viscous altar of Jiyva.
 22898 | Lair:5   | Found a staircase to the Slime Pits.
 22904 | Slime:1  | Entered Level 1 of the Pits of Slime
 22904 | Slime:1  | Noticed an acid blob
 22911 | Slime:1  | Killed an acid blob
 22912 | Slime:1  | Reached skill level 9 in Fighting
 23008 | Lair:5   | Reached XP level 15. HP: 64/71 MP: 19/19
 23035 | Lair:5   | Reached ****** piety under Hepliaklqana
 23230 | Lair:5   | Learned a level 2 spell: Wereblood
 23294 | Lair:5   | Reached skill level 5 in Air Magic
 23768 | Lair:5   | Reached skill level 10 in Fighting
 23936 | Lair:5   | Identified the +1 spear "Moleneoz" {protect, rN+}
 24452 | D:13     | Reached skill level 5 in Poison Magic
 24654 | D:13     | Found an opulent altar of Gozag.
 24849 | D:13     | Found a shimmering altar of Xom.
 25216 | D:14     | Noticed Frances
 25231 | D:14     | Killed Frances
 25646 | D:14     | Found a gate to the Vaults.
 26141 | D:15     | Reached skill level 10 in Stealth
 26181 | D:15     | Reached XP level 16. HP: 76/76 MP: 22/22
 26663 | D:15     | Reached skill level 5 in Spellcasting
 26989 | D:15     | Found a staircase to the Depths.
 27063 | Depths:1 | Entered Level 1 of the Depths
 27088 | Depths:1 | Found a one-way gate to the infinite horrors of the Abyss.
 27582 | Snake:1  | Entered Level 1 of the Snake Pit
 27628 | Snake:1  | Found Upurualy's Book Boutique.
 27629 | Snake:1  | Found Lifalar's Weapon Boutique.
 27629 | Snake:1  | Found Savuoh's Antique Weapon Shop.
 27638 | Snake:1  | Found Lihesed's General Store.
 27656 | Snake:1  | Bought a scroll of blinking for 127 gold pieces
 27659 | Snake:1  | Bought a masterwork scimitar for 342 gold pieces
 27659 | Snake:1  | Identified the +7 scimitar of Geneig {holy, Contam +Blink
                  | rF- Str+5} (You bought it in a shop on level 1 of the Snake
                  | Pit)
 28243 | Snake:2  | Noticed Vashnia
 28268 | Snake:2  | Killed Vashnia
 28554 | Snake:2  | Noticed Aizul
 28567 | Snake:2  | Killed Aizul
 28630 | Snake:2  | Reached skill level 11 in Fighting
 28680 | Snake:4  | Entered Level 4 of the Snake Pit
 28946 | Snake:2  | Reached skill level 10 in Dodging
 29452 | Snake:2  | Reached XP level 17. HP: 81/81 MP: 27/27
 29966 | Snake:3  | Found Waluall's Distillery.
 29966 | Snake:3  | Found Faezefef's General Store.
 29969 | Snake:3  | Found Ciraosaw's Book Emporium.
 30157 | Snake:3  | Identified the +0 ring mail "Refoik" {Int+5 Stlth+}
 31113 | Shoals:1 | Reached skill level 1 in Conjurations
 31231 | Shoals:2 | Noticed Ilsuiw
 31277 | Shoals:1 | Found Qoyddois's Island Escapes.
 31307 | Shoals:1 | Bought a scroll of fog for 56 gold pieces
 31307 | Shoals:1 | Bought a potion of haste for 140 gold pieces
 31307 | Shoals:1 | Bought a potion of flight for 42 gold pieces
 31655 | Shoals:1 | Identified the staff of fire "Sif Dieq" {*Slow rF+ Str+5
                  | Dex+2 Stlth+}
 32705 | D:15     | Reached skill level 12 in Fighting
 32896 | D:15     | Reached skill level 5 in Conjurations
 33202 | Elf:2    | Found an ancient bone altar of Kikubaaqudgha.
 33305 | Elf:1    | Learned a level 3 spell: Mephitic Cloud
 33332 | Elf:1    | Paralysed by an air elemental for 1 turns
 33404 | Elf:1    | You fall into a shaft and drop 1 floor!
 33541 | Elf:2    | Noticed a deep elf blademaster
 34010 | Elf:1    | Reached XP level 18. HP: 87/88 MP: 24/28
 34397 | Elf:2    | Found a large runed translucent door.
 34397 | Elf:2    | Found a large runed translucent door.
 34399 | Elf:2    | Noticed rrossfarrar's ghost (adept FeBe)
 34416 | Elf:2    | Killed rrossfarrar's ghost
 34648 | Elf:2    | Reached skill level 10 in Earth Magic
 34696 | Elf:2    | Learned a level 5 spell: Lee's Rapid Deconstruction
 34804 | Elf:3    | Entered Level 3 of the Elven Halls
 34804 | Elf:3    | Found a portal to a secret trove of treasure.
 34907 | Elf:2    | Found a runed translucent gate.
 34907 | Elf:2    | Found a runed translucent gate.
 34907 | Elf:2    | Found a runed translucent gate.
 34980 | Elf:2    | Noticed a Hell Sentinel
 35304 | Elf:3    | Found a shimmering blue altar of Sif Muna.
 35425 | Elf:3    | Gained mutation: You occasionally lose the ability to read
                  | scrolls when taking damage. [a neqoxec]
 35453 | Elf:3    | Found Quss's Distillery.
 35656 | Elf:3    | Noticed Louise
 35669 | Elf:3    | Killed Louise
 36036 | Elf:3    | Got the Anthology of the Autopsy and Outbursts
 36047 | Elf:3    | Got the Anthology of Accomplices
 36312 | Elf:3    | Noticed a deep elf master archer
 36507 | Elf:3    | Identified the +8 dire flail "Maahoz" {flame, *Slow rC+
                  | Dex+3 SInv}
 36512 | Elf:3    | Noticed a deep elf master archer
 36581 | Elf:3    | Killed a deep elf master archer
 36652 | Elf:3    | Reached XP level 19. HP: 87/91 MP: 26/29
 36998 | Elf:3    | Reached skill level 1 in Summonings
 37003 | Elf:3    | Identified the ring of Equivalence {*Corrode rC- Will++
                  | Str+4 Int+6}
 37043 | Elf:3    | Identified the staff of poison "Fiten" {rPois Int+4}
 37106 | Elf:3    | Reached skill level 5 in Summonings
 37284 | Elf:3    | Identified the +4 great mace of Ximuhead {pain, rCorr MP+9}
 37290 | Elf:3    | Identified the staff of poison "Duepseosm" {rElec rPois rC+
                  | Str-5 Dex+4}
 37293 | Elf:3    | Noticed an Ice Fiend
 37296 | Elf:3    | Noticed an Ice Fiend
 37314 | Elf:3    | HP: 2/91 [deep elf master archer/arrow (11)]
 37604 | Elf:3    | Got the Catalogue of Wild Last Rites
 37624 | Elf:3    | Identified the staff of death "Coatyizo" {rN+ Dex+3}
 37648 | Elf:3    | Identified the staff of cold "Cykhoud" {rC+ Int+2}
 37650 | Elf:3    | Got Vompat's Book of Damage
 37658 | Elf:3    | Identified the +3 shortbow "Tifaug" {heavy, Fragile rF++
                  | Str+4}
 38206 | D:15     | Reached skill level 1 in Throwing
 39244 | Elf:3    | You paid a toll of a +5 demon whip to enter a treasure
                  | trove
 39245 | Trove    | Entered a treasure trove
 39249 | Trove    | Identified the ring "Juydebla" {rPois rN+ Will+ rCorr
                  | Dex-5}
 39251 | Trove    | Identified the ring of Dutruocs {Str+3 Slay+4}
 39253 | Trove    | Identified the ring "Trusted Companion" {rF+ rC+ rCorr
                  | Str+2}
 39255 | Trove    | Identified the ring "Cuug" {rPois rC- Will- Dex+6}
 39257 | Trove    | Identified the ring "Qudoco" {Wiz rPois}
 39259 | Trove    | Identified the ring of Ucuis {rF- rC+ Int+4 Dex+3 Slay+4}
 39261 | Trove    | Identified the ring of Hifryvirui {rF+ rN++ Will+ SInv}
 39271 | Trove    | Identified the ring "Jusatoy" {rElec MP+9 SInv}
 39273 | Trove    | Identified the ring "Dycuseesisa" {Drain EV+5 Str+6 SInv}
 40336 | Shoals:2 | Reached skill level 10 in Conjurations
 40440 | Shoals:2 | Killed Ilsuiw
 40663 | Shoals:3 | Found Lydwo's Antique Armour Shoppe.
 40673 | Shoals:3 | Found Wasaot's CLEARANCE SALE!.
 40819 | Shoals:3 | Bought a polished scale mail for 261 gold pieces
 40819 | Shoals:3 | Identified the +3 scale mail of the Present {rPois} (You
                  | bought it in a shop on level 3 of the Shoals)
 40842 | Shoals:3 | Found Utempufu's Book Emporium.
 40855 | Shoals:3 | Found Houlenec's Armour Shop.
 40906 | Shoals:3 | Reached skill level 5 in Throwing
 41094 | Shoals:3 | Reached XP level 20. HP: 96/96 MP: 24/30
 41112 | Shoals:3 | Noticed Kirke
 41120 | Shoals:3 | Killed Kirke
 41432 | Shoals:4 | Entered Level 4 of the Shoals
 41432 | Shoals:4 | Found a stormy altar of Qazlal.
 41752 | Shoals:4 | Reached skill level 10 in Summonings
 42059 | Shoals:4 | Identified the +1 ring mail of the Invisible Hand {rN+
                  | Str+4}
 42299 | Shoals:4 | Paralysed by an air elemental for 1 turns
 42331 | Shoals:4 | Noticed Polyphemus
 42337 | Shoals:4 | Paralysed by an air elemental for 1 turns
 42504 | Shoals:4 | Paralysed by an air elemental for 1 turns
 42667 | Shoals:4 | Killed Polyphemus
 42779 | Shoals:4 | Identified the amulet of Miracles {Acrobat Int+2}
 42956 | Shoals:4 | Got a barnacled rune of Zot
 42960 | Shoals:4 | Identified the staff of poison "Honath" {Fly rPois rC++}
 43055 | Shoals:3 | Bought a wand of light (4) for 134 gold pieces
 43059 | Shoals:3 | Learned a level 3 spell: Vhi's Electric Charge
 43064 | Shoals:3 | Learned a level 4 spell: Manifold Assault
 44100 | Snake:4  | Reached skill level 10 in Transmutations
 44567 | Snake:4  | Got a serpentine rune of Zot
 45064 | Vaults:1 | Entered Level 1 of the Vaults
 45196 | Vaults:1 | Reached XP level 21. HP: 95/99 MP: 23/31
 45248 | Vaults:1 | Reached skill level 10 in Translocations
 45631 | Vaults:1 | Found a runed translucent gate.
 45631 | Vaults:1 | Found a runed translucent gate.
 45631 | Vaults:1 | Found a runed translucent gate.
 45631 | Vaults:1 | Noticed DavidChitty2's ghost (adept HOFi)
 45641 | Vaults:1 | Killed DavidChitty2's ghost
 45649 | Vaults:1 | Identified the ring of Retotien {rN+ rCorr}
 46876 | Vaults:1 | Learned a level 4 spell: Passage of Golubria
 47661 | Vaults:2 | Found Unammiq's Antique Armour Shop.
 49079 | Vaults:2 | Reached XP level 22. HP: 100/104 MP: 29/32
 49730 | Vaults:3 | Found a magical portal.
 49735 | WizLab   | Entered The Chambers of the Cloud Mage
 49752 | WizLab   | Paralysed by an air elemental for 1 turns
 49891 | WizLab   | Paralysed by an air elemental for 1 turns
 50116 | WizLab   | Paralysed by an air elemental for 1 turns
 50262 | WizLab   | Paralysed by an air elemental for 1 turns
 50279 | WizLab   | Paralysed by an air elemental for 1 turns
 50295 | WizLab   | Reached skill level 13 in Fighting
 50346 | WizLab   | Noticed Ulliyz
 50356 | WizLab   | Killed Ulliyz the Cloud Mage
 50554 | WizLab   | Got Ilor's Omnibus of the Welkin
 50902 | Vaults:3 | Found Piunep's Assorted Antiques.
 51401 | Vaults:3 | Found Tiwe's Weapon Emporium.
 51464 | Vaults:3 | Found Usung's Jewellery Shoppe.
 51497 | Vaults:3 | Found a staircase to the Crypt.
 51497 | Vaults:3 | Found an ancient bone altar of Kikubaaqudgha.
 51497 | Vaults:3 | Found a basalt altar of Yredelemnul.
 51672 | Vaults:3 | Noticed Boris
 51674 | Vaults:3 | Found Coloref's General Store.
 51684 | Vaults:3 | Killed Boris
 51700 | Vaults:3 | Bought a scroll of teleportation for 45 gold pieces
 51722 | Vaults:3 | Found Kuoqug's Weapon Shoppe.
 53029 | Vaults:4 | Found Fimon's Antique Weapon Shop.
 53857 | Depths:1 | Reached skill level 14 in Fighting
 53901 | Depths:1 | Identified the +2 dagger of Makhleb's Castigation {spect,
                  | rElec rF- rN+ Int+3}
 54031 | Depths:2 | Found Usemid's Antique Weapon Shop.
 54101 | Depths:1 | Reached skill level 10 in Armour
 54234 | Depths:1 | Found a gateway to Hell.
 54403 | Depths:1 | Reached XP level 23. HP: 111/111 MP: 33/33
 54406 | Depths:1 | Noticed a caustic shrike
 54423 | Depths:1 | Killed a caustic shrike
 54646 | Depths:1 | Identified the staff of death "Quimn" {rC+ rN+ Will- rCorr}
 55204 | Depths:2 | Found Dufatao's Distillery.
 55216 | Depths:2 | Identified the +9 sling of Defenestration {drain, rF+}
 55224 | Depths:2 | Found Yron's Distillery.
 55228 | Depths:2 | Bought a potion of curing for 36 gold pieces
 55585 | Depths:2 | Noticed a golden dragon
 55598 | Depths:2 | Killed a golden dragon
 55758 | Depths:2 | Reached skill level 15 in Fighting
 55783 | Depths:2 | Noticed a juggernaut
 55823 | Depths:2 | Noticed a golden dragon
 55827 | Depths:2 | Killed a golden dragon
 55886 | Depths:2 | Killed a juggernaut
 56075 | Depths:2 | Found a one-way gate leading to the halls of Pandemonium.
 56187 | Depths:2 | Identified the ring "Riezyenn" {rN+ rCorr MP+9 AC+4}
 56363 | Depths:2 | Identified the +1 chain mail of Hairiness {rElec Dex+4}
 56390 | Depths:2 | Identified the staff of conjuration "Qagiatiu" {Fragile
                  | +Blink Str+3}
 56392 | Depths:2 | Identified the staff of fire "Lomok" {rF+ rC+ Dex+4}
 56774 | Depths:3 | Noticed Boris
 56790 | Depths:3 | Killed Boris
 56811 | Depths:3 | Found a hide-covered altar of Uskayaw.
 56899 | Depths:3 | HP: 5/114 [hell knight/+3 heavy demon trident (12)]
 56899 | Depths:3 | HP: 1/114 [hell knight/bolt of fire (4)]
 56900 | Depths:3 | Mangled by a hell knight

Illustrated notes

Levels and vault maps discovered:
D:1:      eino_arrival_druids_welcome, layout_loops_ring, serial_shops, shop
D:2:      layout_rooms, minmay_pentomino_s4, uniq_jessica
D:3:      layout_rooms, chequers_ecumenical_altar_simple
D:4:      layout_basic, elyvilon_altar_1, minmay_quantized, uniq_duvessa
D:5:      minmay_inner_zag, layout_loops_ring,
          minmay_temple_entry_gardened_gates, serial_shops, shop,
          nicolae_shop_real_fake_doors, shop, shop
D:6:      layout_rooms, kiku_gazebo_pond_becter, serial_shops,
          nicolae_shop_statue_plus, st_stairs_13
D:7:      layout_loops_ring, mainiacjoe_overflow_boulevard,
          amcnicky_mini_corridor_feature
D:8:      layout_basic, overflow_temple_1_default, mainiacjoe_overflow_catwalk,
          uniq_grum
D:9:      layout_long_grid, nicolae_overflow_hidden_temple, serial_shops, shop,
          hangedman_misty_isle
D:10:     kb_forest_paths, layout_basic, serial_shops,
          nicolae_shop_behind_doors, minmay_tree_intersection,
          hangedman_decor_opposing, uniq_urug
D:11:     minmay_angry_zag, layout_basic
D:12:     layout_roguey, erik_orc_2
D:13:     layout_roguey, nrook_mini_backslash, drop_trap,
          hangedman_feature_mirror, nicolae_elevator_lobby_plus
D:14:     layout_gridville, grunt_vaults_entry_tiered, serial_bayou_pond_d,
          uniq_frances
D:15:     hangedman_depths_entry_try_elsewhere_first, layout_basic
Temple:   nicolae_temple_elliptical
Lair:1:   layout_hall_layers, uniq_fannar, uniq_maggie
Lair:2:   layout_hall_layers, dummy_snake_entry, uniq_nergalle
Lair:3:   layout_concentric_octagons, nicolae_shoals_entry_flooding,
          enter_volcano_1, grunt_forest_small_clearing_treed, grunt_megastairs_2
Lair:4:   layout_cave_pods
Lair:5:   minmay_lair_end_frog_pond, layout_misc_corridors,
          dpeg_slime_entry_enclosed, serial_bayou_shore_b
Shoals:1: layout_shoals, nicolae_island_escapes
Shoals:2: layout_shoals, overgrown_hall, uniq_ilsuiw
Shoals:3: layout_shoals, serial_shops, shop, nicolae_shop_just_a_little_nook,
          nicolae_shop_waterfront, nicolae_shop_clearance, uniq_kirke
Shoals:4: shoals_end_hellmonk_storm_palace [storm_palace_center_square,
          storm_palace_corner_narrow, storm_palace_corner_blocked,
          storm_palace_corner_grid, storm_palace_corner_altar], uniq_polyphemus
Snake:1:  layout_onion, lemuel_fruit_tree, minmay_shoptagon
Snake:2:  layout_basic, nicolae_integral_box, serial_bayou_shore_a, uniq_aizul,
          uniq_vashnia
Snake:3:  layout_rooms, minmay_shop_star, nicolae_triple_integral
Snake:4:  minmay_snake_end_coiled, layout_cave_town, nicolae_snake_flat_spine
Slime:1:  layout_caves
Orc:1:    layout_caves, serial_shops, nicolae_shop_drivethru,
          nicolae_orc_lost_temple
Orc:2:    st_orc_pillars, layout_caves, hangedman_feature_mirror,
          minmay_orc_temple_c
Elf:1:    eino_elf_arrival_customs, layout_rooms,
          hangedman_elven_crosses_minicolossus, hangedman_glass_teeth,
          billiards_dpeg
Elf:2:    nicolae_elf_blades_crystal_corner, layout_rooms,
          ebering_ghost_disaster_area, basic_altar,
          nicolae_elf_vaults_five_recruitment_drive
Elf:3:    minmay_elf_hall_x, layout_geoelf_diagonals,
          nicolae_trove_entry_free_sample, serial_shops, shop,
          hangedman_summoners_spam, uniq_louise
Vaults:1: ebering_ghost_rock_garden, nicolae_vaults_network_quincunx
          [nicolae_vaults_network_quincunx_subvault,
          nicolae_vaults_network_quincunx_subvault,
          nicolae_vaults_network_quincunx_subvault,
          nicolae_vaults_network_quincunx_subvault,
          nicolae_vaults_network_quincunx_subvault],
          hangedman_vaults_corner_blocks, st_eye, nicolae_vaults_tetromino_T_1,
          nicolae_vaults_little_squares_4, ontoclasm_vaults_pinch,
          nicolae_vaults_two_Ls, v_misc_23, vaults_room_pools, v_misc_26,
          nicolae_vaults_heart-shaped_vault, hangedman_vaults_capsules,
          nicolae_vaults_little_ls, nicolae_vaults_angled_halls,
          layout_vaults_big_cross
Vaults:2: nicolae_vaults_arrows, nicolae_vaults_security_offices_6,
          ontoclasm_vaults_bender, nicolae_vaults_sesquioval_fish,
          nicolae_vaults_house_1, vaults_room_pools,
          nicolae_vaults_heart-shaped_vault, nicolae_vaults_sealed_display,
          nicolae_vaults_tetromino_Z_1, layout_vaults_chaotic_city,
          serial_shops, nicolae_shop_waterfront
Vaults:3: infiniplex_enter_wizlab_spiral, v_misc_17,
          nicolae_vaults_hexular_roomagon, minmay_crypt_entry_necro_gods,
          v_misc_10, v_pattern_2, nicolae_vaults_apartment_1,
          dpeg_vaults_monster_box, nicolae_vaults_ring_of_whatevers,
          layout_vaults_omnigrid, serial_shops,
          nicolae_shop_bloodbath_and_beyond, shop, shop,
          nicolae_shop_window_shopping, shop, uniq_boris
Vaults:4: v_pattern_4, v_alt_pattern_2, nicolae_vaults_cochlea,
          nicolae_vaults_rhombus_6, v_misc_24, nicolae_vaults_lightning_bolt,
          v_misc_13, v_misc_4, nicolae_vaults_antechamber_and_loot_room,
          hangedman_vaults_slice, nicolae_vaults_double_plus_2,
          nicolae_vaults_tetromino_Z_1, nicolae_vaults_trapezoid_3,
          layout_vaults_maze_bifur, serial_shops, shop_fountains
Depths:1: layout_cave_pools, wad_floor_pattern_untrapped,
          hangedman_abyss_entry_splay, grunt_hell_entry_dis_mu,
          hangedman_abyss_or_decor_clamps, minmay_hollow_rounded_squares
Depths:2: nicolae_aperiodic_l_corner, layout_cave_pools,
          hangedman_abyss_or_decor_lesser_grid, rand_demon_pan_entry_5,
          serial_shops, nicolae_shop_advertising_works
          [nicolae_subvault_shop_adworks], nicolae_shop_tiny_real_fake_doors,
          nicolae_shop_overgrown_old_shop, hangedman_geh_valley,
          minmay_fire_ice_demons
Depths:3: hangedman_box_tower, layout_gridlike,
          nicolae_uskayaw_murder_on_the_dancefloor,
          abyss_entry_small_statue_room, hell_entry, minmay_crystal_room

Skill      XL: |  1  2  3  4  5  6  7  8  9 10 11 12 13 14 15 16 17 18 19 20 21 22 23 |
---------------+----------------------------------------------------------------------+-----
Long Blades    | 1 2 3 4 6 8 9 11 12 13 14 | 14.0
Fighting       | 1 2 3 4 5 7 8 9 10 11 12 14 15 | 15.4
Poison Magic   | 4 6 |  6.4
Translocations | 1 5 7 8 9 11 | 11.5
Transmutations | 2 3 5 7 8 10 | 10.0
Air Magic      | 1 2 3 5 6 8 |  8.3
Stealth        | 5 10 | 10.0
Armour         | 2 5 7 10 11 | 11.6
Dodging        | 3 5 6 9 10 12 13 | 13.5
Earth Magic    | 5 6 12 13 | 13.2
Invocations    | 5 6 7 8 9 |  9.0
Evocations     | 4 5 6 7 |  7.7
Shields        | 5 |  5.0
Spellcasting   | 3 6 |  6.5
Conjurations   | 7 8 10 | 10.8
Summonings     | 9 11 | 11.4
Throwing       | 5 8 9 |  9.4

Action                     |  1- 3 |  4- 6 |  7- 9 | 10-12 | 13-15 | 16-18 | 19-21 | 22-24 || total
---------------------------+-------+-------+-------+-------+-------+-------+-------+-------++-------
  Melee: Unarmed           |    11 |       |       |       |       |       |       |       ||    11
         Bite              |    10 |    33 |   103 |   180 |   367 |   408 |   399 |   404 ||  1904
         Dagger            |    33 |     5 |       |       |       |       |       |       ||    38
         Punch             |     1 |     1 |     3 |    12 |     6 |       |       |       ||    23
         Short sword       |       |    72 |   264 |     8 |       |       |       |       ||   344
         Scimitar          |       |       |       |   461 |   919 |   961 |   878 |   726 ||  3945
         Rapier            |       |       |       |    26 |       |       |       |       ||    26
         Double sword      |       |       |       |       |    11 |       |       |       ||    11
  Throw: Stone             |       |       |    15 |    18 |     1 |       |       |       ||    34
         Dart              |       |       |       |       |     1 |       |       |       ||     1
   Cast: Sting             |    65 |    59 |   177 |   106 |     5 |       |       |       ||   412
         Poisonous Vapours |       |     1 |    41 |   100 |    19 |       |     1 |       ||   162
         Blink             |       |       |       |       |     1 |     9 |     1 |       ||    11
         Passwall          |       |       |       |       |       |     2 |       |       ||     2
         Wereblood         |       |       |       |       |       |     1 |    10 |     9 ||    20
         Lee's Rapid Decon |       |       |       |       |       |    10 |    55 |     4 ||    69
         Mephitic Cloud    |       |       |       |       |       |     3 |     2 |       ||     5
         Manifold Assault  |       |       |       |       |       |       |    21 |    13 ||    34
         Vhi's Electric Ch |       |       |       |       |       |       |     8 |    71 ||    79
 Invoke: Recall Ancestor   |       |       |       |     8 |     4 |    12 |    18 |     4 ||    46
         Ancestor Life: Ba |       |       |       |       |     1 |       |       |       ||     1
  Evoke: Wand              |       |       |       |       |     9 |    20 |     2 |       ||    31
         Tin of tremorston |       |       |       |       |       |     1 |       |     1 ||     2
         Phial of floods   |       |       |       |       |       |     1 |       |       ||     1
         Lightning rod     |       |       |       |       |       |       |     2 |       ||     2
    Use: Scroll            |     1 |     5 |     6 |    14 |    14 |    15 |     6 |     3 ||    64
         Potion            |       |       |       |       |       |     7 |     8 |     3 ||    18
   Stab: Sleeping          |       |     2 |     2 |     2 |     6 |    13 |     5 |     3 ||    33
         Distracted        |       |       |     1 |     8 |    31 |    40 |    43 |    27 ||   150
         Confused          |       |       |       |       |       |     2 |       |       ||     2
 Armour: Robe              |    17 |     8 |    47 |    15 |       |       |       |       ||    87
         Leather armour    |       |       |       |    20 |       |       |       |       ||    20
         Skin              |       |       |       |     1 |       |       |       |       ||     1
         Troll leather arm |       |       |       |    84 |   247 |   103 |    73 |       ||   507
         Ring mail         |       |       |       |       |       |    67 |       |       ||    67
         Swamp dragon scal |       |       |       |       |       |       |    87 |   178 ||   265
  Dodge: Dodged            |    34 |    42 |   324 |   474 |  1064 |   609 |   565 |   252 ||  3364
  Block: Buckler           |       |       |       |       |   143 |   179 |   270 |   289 ||   881
         Reflection        |       |       |       |       |       |       |    12 |    12 ||    24
